 Dungeon Crawl Stone Soup version 0.30-b1-2-g02819fbbbe (webtiles) character file.

Game seed: 11213653627991807718

1103 Hedron the Ducker (level 8, 0/64 HPs)
             Began as a Gnoll Gladiator on Nov 22, 2023.
             Was a High Priest of Ignis.
             Slain by an ogre
             ... wielding a +0 giant club
              (33 damage)
             ... on level 5 of the Dungeon.
             The game lasted 00:08:55 (3682 turns).

Hedron the Ducker (Gnoll Gladiator)                 Turns: 3682, Time: 00:08:56

Health: 0/64       AC:  8    Str: 17    XL:     8   Next: 32%
Magic:  12/12      EV: 14    Int:  8    God:    Ignis [*****.]
Gold:   327        SH:  5    Dex: 14    Spells: 12/13 levels left

rFire   + . .        a - +0 trident (heavy)
rCold   . . .        m - +0 buckler
rNeg    . . .        q - +2 leather armour "Nuotam" {Regen+ Str+4 Dex-2}
rPois   .            c - +0 helmet
rElec   .            k - +1 cloak
rCorr   .            (no gloves)
SInv    .            (no boots)
Will    +....        (no amulet)
Stlth   ++           g - ring of willpower
HPRegen 1.10/turn    w - ring of wizardry
MPRegen 0.13/turn

%: wizardry (x1)
@: no status effects
A: fangs 1, strong nose, distributed training
a: Renounce Religion, Fiery Armour, Foxfire Swarm, Rising Flame


You were on level 5 of the Dungeon.
You worshipped Ignis.
Ignis was extremely pleased with you.
You visited 2 branches of the dungeon, and saw 6 of its levels.

You collected 327 gold pieces.

Inventory:

Hand Weapons
 a - a +0 heavy trident (weapon)
 b - a +0 sling
 x - a +2 flail of freezing
 y - a +0 vampiric dagger
 B - a +0 flail of holy wrath
 C - a +1 dagger of venom
Missiles
 d - 3 throwing nets (quivered)
 e - a javelin
 f - 36 stones
 i - 4 poisoned darts
 j - 3 silver javelins
Armour
 c - a +0 helmet (worn)
 k - a +1 cloak (worn)
 l - a +0 scale mail
 m - a +0 buckler (worn)
 n - a +0 leather armour
 p - a +0 ring mail
 q - the +2 leather armour "Nuotam" (worn) {Regen+ Str+4 Dex-2}
   (You found it on level 3 of the Dungeon)

   Str:       It affects your strength (+4).
   Dex:       It affects your dexterity (-2).
   Regen:     It increases your rate of health regeneration.
 D - a +0 robe of cold resistance
Jewellery
 g - a ring of willpower (left hand)
 w - a ring of wizardry (right hand)
Wands
 s - a wand of flame (11)
 A - a wand of paralysis (9)
Scrolls
 t - a scroll of butterflies
 u - 3 scrolls of teleportation
Potions
 h - 4 potions of curing
 o - 2 potions of heal wounds
 r - a potion of flight
 v - a potion of magic {unknown}
 z - 2 potions of lignification
 E - 2 potions of mutation {unknown}
 F - a potion of attraction {unknown}


   Skills:
 + Level 5.7 Fighting
 + Level 3.3 Short Blades
 + Level 3.3 Long Blades
 + Level 3.3 Axes
 + Level 3.3 Maces & Flails
 + Level 7.4 Polearms
 + Level 3.3 Staves
 + Level 3.3 Ranged Weapons
 + Level 5.7 Throwing
 + Level 3.3 Armour
 + Level 7.4 Dodging
 + Level 3.3 Stealth
 + Level 3.3 Shields
 + Level 3.3 Unarmed Combat
 + Level 3.3 Spellcasting
 + Level 2.6 Conjurations
 + Level 2.6 Hexes
 + Level 2.6 Summonings
 + Level 2.6 Necromancy
 + Level 2.6 Translocations
 + Level 2.6 Transmutations
 + Level 2.6 Fire Magic
 + Level 2.6 Ice Magic
 + Level 2.6 Air Magic
 + Level 2.6 Earth Magic
 + Level 2.6 Poison Magic
 + Level 3.6 Invocations
 + Level 3.3 Evocations


You had 12 spell levels left.
You knew the following spells:

 Your Spells              Type           Power      Damage    Failure   Level
a - Apportation           Tloc           10%        N/A       6%          1

Your spell library contained the following spells:

 Spells                   Type           Power      Damage    Failure   Level
 Necrotise                Necr           20%        1d5       6%          1
 Sting                    Tmut/Pois      20%        1d4       6%          1
 Summon Small Mammal      Summ           20%        N/A       6%          1
 Poisonous Vapours        Pois/Air       10%        N/A       10%         2
 Ignite Poison            Fire/Tmut/Pois 5%         N/A       19%         3
 Vampiric Draining        Necr           5%         2d6       19%         3
 Olgreb's Toxic Radiance  Pois           5%         N/A       50%         4
 Sticky Flame             Conj/Fire      5%         2d3       50%         4
 Agony                    Necr           5%         N/A       83%         5
 Ignition                 Fire           2%         3d3       100%        8


Dungeon Overview and Level Annotations

Branches:
Dungeon (5/15)             Temple (1/1) D:4

Altars:
Ashenzari
Cheibriados
Dithmenos
Fedhas
Gozag
Hepliaklqana
Kikubaaqudgha
Makhleb
Nemelex Xobeh
Qazlal
Ru
Sif Muna
Trog
Uskayaw
Vehumet
Wu Jian
Xom
Yredelemnul
Zin
The Shining One
Ignis

Shops:
D:2 (


Innate Abilities, Weirdness & Mutations

You have very sharp teeth.
Your uncanny sense of smell can sniff out nearby items.
Your experience applies equally to all skills.


Message History

The scorpion closely misses you. The scorpion barely misses you.
You hit the scorpion.
The scorpion is moderately wounded.
The scorpion misses you. You block the scorpion's attack.
You impale the scorpion!!
You kill the scorpion!
No target in view!
F - a brown potion You see here a scorpion corpse.
You open the door.
There is an open door here.
There is an open door here.
An iguana comes into view.
The iguana hisses angrily.
You impale the iguana!!
You kill the iguana!
No target in view!
You open the door.
An iguana comes into view.
There is an open door here.
The iguana hisses angrily.
You reach to attack!
You hit the iguana but do no damage. You block the iguana's attack.
You puncture the iguana!
The iguana is heavily wounded.
The iguana barely misses you.
You puncture the iguana!
You kill the iguana!
No target in view!
An ogre comes into view. It is wielding a +0 giant club.
The ogre shouts!
Found a club.
You puncture the ogre!
The ogre is heavily wounded.
The ogre closely misses you.
You puncture the ogre! You bite the ogre, but do no damage.
The ogre is almost dead.
The ogre hits you with a +0 giant club!! x2
Ouch! That really hurt!
You die...

### #...# ....
##..##...##...#########
..............##....).#
......................#
......................#
......................#
.......<..............#
#.####..###...##O.....#
#.####..####+###@.....#
........#.....#.......#
......†.#.....#.......#
........'.....#.......#
........##...###......#
#####...########......#
#.....#............#
#.....#............#
#.....'............#


You could see an ogre.

Vanquished Creatures
  Eustachio (D:4)
  Edmund (D:4)
  A scorpion (D:5)
  8 wights (D:4)
  A howler monkey (D:5)
  A hound (D:4)
  A sleepcap (D:4)
  4 iguanas
  An orc wizard (D:4)
  5 adders
  2 worms (D:4)
  A dart slug (D:2)
  9 orcs (D:4)
  7 endoplasms
  5 giant cockroaches
  10 goblins
  7 hobgoblins
  9 jackals
  7 kobolds
  A quokka (D:1)
  10 ball pythons
  7 bats
  2 frilled lizards
  6 rats
107 creatures vanquished.

Notes
Turn   | Place    | Note
-------+----------+-------------------------------------------
     0 | D:1      | Hedron the Gnoll Gladiator began the quest for the Orb.
     0 | D:1      | Reached XP level 1. HP: 20/20 MP: 1/1
   252 | D:1      | Reached XP level 2. HP: 25/26 MP: 2/2
   501 | D:1      | Found a faded altar of an unknown god.
   511 | D:1      | Prayed at the altar of an unknown god.
   511 | D:1      | Became a worshipper of Ignis, the Dying Flame
  1123 | D:2      | Reached XP level 3. HP: 31/31 MP: 3/3
  1244 | D:2      | Reached skill level 1 in Invocations
  1261 | D:2      | Reached skill level 1 in Short Blades
  1261 | D:2      | Reached skill level 1 in Long Blades
  1261 | D:2      | Reached skill level 1 in Axes
  1261 | D:2      | Reached skill level 1 in Maces & Flails
  1261 | D:2      | Reached skill level 1 in Staves
  1261 | D:2      | Reached skill level 1 in Ranged Weapons
  1261 | D:2      | Reached skill level 1 in Armour
  1261 | D:2      | Reached skill level 1 in Stealth
  1261 | D:2      | Reached skill level 1 in Shields
  1261 | D:2      | Reached skill level 1 in Unarmed Combat
  1261 | D:2      | Reached skill level 1 in Spellcasting
  1261 | D:2      | Reached skill level 1 in Evocations
  1362 | D:2      | Reached XP level 4. HP: 38/38 MP: 5/5
  1458 | D:2      | Found Kulo's Weapon Shop.
  1547 | D:2      | Reached skill level 1 in Conjurations
  1547 | D:2      | Reached skill level 1 in Hexes
  1547 | D:2      | Reached skill level 1 in Summonings
  1547 | D:2      | Reached skill level 1 in Necromancy
  1547 | D:2      | Reached skill level 1 in Translocations
  1547 | D:2      | Reached skill level 1 in Transmutations
  1547 | D:2      | Reached skill level 1 in Fire Magic
  1547 | D:2      | Reached skill level 1 in Ice Magic
  1547 | D:2      | Reached skill level 1 in Air Magic
  1547 | D:2      | Reached skill level 1 in Earth Magic
  1547 | D:2      | Reached skill level 1 in Poison Magic
  2107 | D:3      | Identified the +2 leather armour "Nuotam" {Regen+ Str+4
                  | Dex-2}
  2197 | D:3      | Learned a level 1 spell: Apportation
  2626 | D:4      | Reached XP level 5. HP: 28/43 MP: 7/7
  2643 | D:4      | Found a glowing golden altar of the Shining One.
  2656 | D:4      | Noticed Eustachio
  2676 | D:4      | Killed Eustachio
  2677 | D:4      | Reached skill level 5 in Fighting
  2677 | D:4      | Reached skill level 5 in Throwing
  2677 | D:4      | Reached XP level 6. HP: 51/51 MP: 7/9
  2711 | D:4      | Found a staircase to the Ecumenical Temple.
  2722 | Temple   | Entered the Ecumenical Temple
  3042 | D:4      | Noticed Edmund
  3052 | D:4      | Killed Edmund
  3053 | D:4      | Reached XP level 7. HP: 39/56 MP: 10/10
  3301 | D:4      | Found a shadowy altar of Dithmenos.
  3567 | D:4      | Reached XP level 8. HP: 50/62 MP: 12/12
  3629 | D:5      | Entered Level 5 of the Dungeon
  3682 | D:5      | Slain by an ogre

Illustrated notes

Levels and vault maps discovered:
D:1:      dpeg_arrival_pond, layout_basic,
          shapermc_ecumenical_altar_starsandcircs, minmay_misc_feat_iff,
          minmay_misc_feat_diagonals
D:2:      layout_basic, serial_shops, nicolae_shop_bloodbath_and_beyond,
          kennysheep_generic_room_16
D:3:      layout_basic, minmay_goblin_kobold_house
D:4:      minmay_door_path, layout_rooms, grunt_temple_overflow_open,
          minmay_temple_entry_slanted, serial_glass, glass_columns_b,
          glass_columns_a, nicolae_wormholes, uniq_eustachio, uniq_edmund
D:5:      layout_gridville, minmay_tree_intersection
Temple:   compressed_dpeg_circular_temple

Skill      XL: |  1  2  3  4  5  6  7 |
---------------+----------------------+-----
Invocations    | 1 2 3 |  3.6
Short Blades   | 1 2 3 |  3.3
Long Blades    | 1 2 3 |  3.3
Axes           | 1 2 3 |  3.3
Maces & Flails | 1 2 3 |  3.3
Staves         | 1 2 3 |  3.3
Ranged Weapons | 1 2 3 |  3.3
Armour         | 1 2 3 |  3.3
Stealth        | 1 2 3 |  3.3
Shields        | 1 2 3 |  3.3
Unarmed Combat | 1 2 3 |  3.3
Spellcasting   | 1 2 3 |  3.3
Evocations     | 1 2 3 |  3.3
Conjurations   | 1 2 |  2.6
Hexes          | 1 2 |  2.6
Summonings     | 1 2 |  2.6
Necromancy     | 1 2 |  2.6
Translocations | 1 2 |  2.6
Transmutations | 1 2 |  2.6
Fire Magic     | 1 2 |  2.6
Ice Magic      | 1 2 |  2.6
Air Magic      | 1 2 |  2.6
Earth Magic    | 1 2 |  2.6
Poison Magic   | 1 2 |  2.6
Fighting       | 5 |  5.7
Throwing       | 5 |  5.7
Polearms       | 7 |  7.4
Dodging        | 7 |  7.4

Action                     |  1- 3 |  4- 6 |  7- 9 || total
---------------------------+-------+-------+-------++-------
  Melee: Trident           |    91 |   196 |    61 ||   348
         Bite              |     6 |    20 |     4 ||    30
         Punch             |     2 |       |       ||     2
   Fire: Sling             |     2 |       |       ||     2
    Use: Scroll            |     5 |     5 |     1 ||    11
         Potion            |       |     1 |       ||     1
   Stab: Sleeping          |     3 |     3 |     2 ||     8
 Armour: Leather armour    |     7 |    29 |     6 ||    42
         Ring mail         |     4 |       |       ||     4
         Scale mail        |     2 |    23 |       ||    25
  Dodge: Dodged            |    35 |   109 |    38 ||   182
  Block: Buckler           |       |    31 |     4 ||    35
